 Dungeon Crawl Stone Soup version 0.23.0-3-gf3c87f2 (webtiles) character file.

Game seed: 2279662152462068299

15421 Hal the Blocker (level 12, -1/81 HPs)
             Began as an Octopode Assassin on Feb 24, 2019.
             Was an Initiate of Gozag.
             Slain by a hippogriff (3 damage)
             ... on level 13 of the Dungeon.
             The game lasted 00:59:00 (12647 turns).

Hal the Blocker (Octopode Assassin)                Turns: 12647, Time: 00:59:01

Health: -1/81      AC: -1    Str: 10    XL:     12   Next: 26%
Magic:  15/15      EV: 19    Int: 15    God:    Gozag
Gold:   235        SH:  0    Dex: 17    Spells: 5/16 levels left

rFire    + . .     SeeInvis .   a - +2 dagger (elec)
rCold    x . .     Gourm    .   (no shield)
rNeg     . . .     Faith    .   V - +2 hat of Brilliance {Regen+}
rPois    +         Spirit   .   I - amulet of regeneration
rElec    .         Reflect  .   J - ring of poison resistance
rCorr    .         Harm     .   N - ring of teleportation
MR       .....     Rnd*Tele +   M - ring of fire
Stlth    ++++++....             (no ring)
HPRegen  1.03/turn              (no ring)
MPRegen  0.14/turn              (no ring)
                                (no ring)
                                (no ring)

@: corroded, gold aura, studying Fire Magic
A: almost no armour, stealthy swim, amphibious, 8 rings, constrict 8, camouflage
1, gelatinous body 1
a: Potion Petition, Call Merchant, Bribe Branch, Renounce Religion


You were on level 13 of the Dungeon.
You worshipped Gozag.
Gozag was aware of your devotion.
You were not hungry.

You visited 1 branch of the dungeon, and saw 13 of its levels.

You collected 2719 gold pieces.
You spent 2460 gold pieces at shops.
You paid 24 gold pieces to Gozag.

Inventory:

Hand Weapons
 a - a +2 dagger of electrocution (weapon)
 b - a +0 blowgun
 y - a +2 dagger of freezing
 O - a +4 trident of freezing
 P - a +1 broad axe of venom
Missiles
 c - 81 poisoned needles
 d - 2 curare-tipped needles
 v - 12 tomahawks (quivered)
 w - 2 needles of sleeping
Armour
 m - the +1 hat of Hiab Tiu {rC+ rCorr}
   (You acquired it on level 10 of the Dungeon)

   It protects you from cold.
   It provides partial protection from all sources of acid and corrosion.
 o - the +3 shield "Ganoudgh" {-Tele Slay+5 Stlth+}
   (You acquired it on level 9 of the Dungeon)

   It affects your accuracy and damage with ranged weapons and melee attacks
   (+5).
   It prevents most forms of teleportation.
   It makes you more stealthy.
 r - a +0 shield
 V - the +2 hat of Brilliance (worn) {Regen+}
   (You acquired it on level 10 of the Dungeon)

   It increases your rate of regeneration.
Jewellery
 q - an uncursed amulet of guardian spirit
 D - an uncursed amulet of rage
 I - an amulet of regeneration (around mantle)
 J - a ring of poison resistance (left tentacle)
 K - an uncursed amulet of the acrobat
 M - a ring of fire (on tentacle)
 N - a ring of teleportation (right tentacle)
 U - an uncursed ring of fire
Wands
 n - a wand of iceblast (12)
 x - a wand of random effects (57)
 C - a wand of paralysis (6)
 H - a wand of polymorph (7)
Scrolls
 h - 2 scrolls of magic mapping
 i - 4 scrolls of fear
 j - 2 scrolls of remove curse
 B - 4 scrolls of identify
 E - 2 scrolls of teleportation
 G - a scroll of amnesia
 L - 3 scrolls of fog
 Q - a scroll of enchant armour
Potions
 e - 3 potions of ambrosia
 g - 2 potions of lignification
 k - 2 potions of flight
 l - 3 potions of cancellation
 p - 5 potions of curing
 s - 3 potions of agility
 t - a potion of mutation
 u - 2 potions of brilliance
 z - a potion of might
 A - 2 potions of magic
Books
 R - a manual of Fire Magic
Miscellaneous
 F - a phantom mirror
 S - a lamp of fire (inert)
 T - a lightning rod (4/4)
Comestibles
 f - 18 rations


   Skills:
 + Level 7.0 Fighting
 + Level 8.6 Short Blades
 - Level 2.6 Throwing
 - Level 8.1 Dodging
 - Level 10.6 Stealth
 * Level 11.1 Shields
 * Level 2.5 Spellcasting
 * Level 3.2 Summonings
 * Level 2.5 Air Magic
 + Level 2.5 Evocations


You had 5 spell levels left.
You knew the following spells:

 Your Spells              Type           Power        Failure   Level  Hunger
a - Call Imp              Summ           ##......     9%          2    ###....
b - Summon Lightning Spi  Summ/Air       ##......     54%         4    #####..
c - Poisonous Vapours     Pois/Air       #.....       19%         2    ###....
d - Conjure Flame         Conj/Fire      #.......     54%         3    ###....

Your spell library contained the following spells:

 Spells                   Type           Power        Failure   Level  Hunger
 Summon Small Mammal      Summ           ##..         5%          1    #......
 Call Canine Familiar     Summ           ##......     17%         3    ###....
 Animate Skeleton         Necr           N/A          22%         1    #......
 Flame Tongue             Conj/Fire      #....        22%         1    #......
 Infusion                 Chrm           #...         22%         1    #......
 Pain                     Necr           #...         22%         1    #......
 Sting                    Conj/Pois      #...         22%         1    #......
 Shroud of Golubria       Chrm/Tloc      #.........   32%         2    ###....
 Song of Slaying          Chrm           #.......     32%         2    ###....
 Throw Flame              Conj/Fire      #.....       32%         2    ###....
 Summon Guardian Golem    Hex/Summ       #.......     32%         3    ###....
 Mephitic Cloud           Conj/Pois/Air  #.......     41%         3    ###....
 Inner Flame              Hex/Fire       #.......     54%         3    ###....
 Regeneration             Chrm/Necr      #.........   54%         3    ###....
 Spectral Weapon          Hex/Chrm       #.......     54%         3    ###....
 Vampiric Draining        Necr           #.........   54%         3    ###....
 Summon Ice Beast         Ice/Summ       #.......     73%         4    #####..
 Animate Dead             Necr           N/A          91%         4    #####..
 Olgreb's Toxic Radiance  Pois           #.......     91%         4    #####..
 Sticky Flame             Conj/Fire      #.......     91%         4    #####..
 Fireball                 Conj/Fire      #.........   99%         5    ######.
 Venom Bolt               Conj/Pois      #.........   99%         5    ######.


Dungeon Overview and Level Annotations

Branches:
Dungeon (13/15)            Temple (0/1) D:5            Lair (0/6) D:9
    Orc (0/2) D:11
 Vaults: D:13-14

Altars:
Ashenzari
Gozag
Kikubaaqudgha
Nemelex Xobeh
Qazlal
Trog
Yredelemnul
The Shining One

Shops:
D:5 [   D:10 }?

Annotations:
D:2 exclusion: downstairs
D:3 exclusion: downstairs
D:4 2 runed translucent doors, exclusion: downstairs, bmj180's ghost, amateur DEFE
D:5 3 runed translucent doors, exclusion: downstairs, MirrMurr's ghost, novice SpEn
D:7 1 runed translucent door, Crazy Yiuf
D:8 exclusion: 2 downstairs
D:11 exclusion: downstairs
D:12 exclusion: downstairs


Innate Abilities, Weirdness & Mutations

You cannot wear most types of armour.
You are very stealthy in the water. (Stealth+)
You are amphibious.
You can wear up to eight rings at the same time.
You can use your tentacles to constrict eight enemies at once.
Your skin changes colour to match your surroundings (Stealth+).
Your rubbery body absorbs attacks. (AC +1, EV +1)


Message History

You hit the hippogriff but do no damage.
The wyvern hisses menacingly.
The wyvern closely misses you. The hippogriff bites you!
* * * LOW HITPOINT WARNING * * *
The hippogriff pecks you.
* * * LOW HITPOINT WARNING * * *
The hippogriff closely misses you. The acid dragon barely misses you. x2
You hit the hippogriff but do no damage.
The centaur warrior zombie hits you.
* * * LOW HITPOINT WARNING * * *
The wyvern bites you!
* * * LOW HITPOINT WARNING * * *
You barely miss the hippogriff.
The death knight is no longer distracted by gold.
The two-headed ogre is no longer distracted by gold.
The hippogriff bites you.
* * * LOW HITPOINT WARNING * * *
The hippogriff pecks you.
You die...
Your body crumbles into a pile of gold.

#.#
........######
#.#
...............##
#.# .#
................#
#<# .#
..p.............#
#.##.#
.....D..C...D....
#.##.#
........Y..[....#
#.##.##
...D....DZ......#
#Y#...##
.....O.ZH@...#
#.Y.#...
.......Tl#####
###.[.#.
##.....###
#####...Y...
##...#
.........Y.. #...
...####.###. #...
.( #.# #. ##..
#.# #. ## #.# #Y
##.# #Y


You could see a storm dragon, a death knight, a six-headed hydra, a two-headed
ogre, a cyclops, a hippogriff, a yak, a troll, a wyvern, 2 acid dragons, a
centaur warrior zombie and a bullfrog skeleton.

Vanquished Creatures
  A hydra (D:8)
  2 two-headed ogres
  An unseen horror (D:12)
  A gargoyle (D:13)
  2 komodo dragons
  A tengu conjurer (D:13)
  A troll (D:12)
  A hornet (D:12)
  A merfolk (D:12)
  5 hippogriffs
  A spriggan (D:12)
  A shadow (D:11)
  A vampire (D:10)
  5 fire bats (D:12)
  A wraith (D:10)
  Eustachio (D:4)
  4 wyverns
  7 yaks
  Edmund (D:4)
  4 hungry ghosts
  An acid dragon (D:11)
  A porcupine (D:8)
  Duvessa (D:5)
  6 sky beasts
  2 ice beasts
  6 orc warriors
  A black bear (D:6)
  2 eyes of draining
  A necrophage (D:12)
  2 phantoms
  6 ogres
  2 centaurs
  3 big kobolds
  5 bullfrogs
  2 gnoll sergeants
  Dowan (D:5)
  A water moccasin zombie (D:10)
  2 wyvern skeletons
  3 scorpions
  16 killer bees
  6 wights (D:8)
  4 howler monkeys
  10 crimson imps
  A bullfrog zombie (D:8)
  A quasit (D:8)
  4 jellies
  2 iguanas
  5 orc priests
  5 hounds
  2 bullfrog skeletons (D:8)
  8 orc wizards
  Ijyb (D:4)
  Natasha (thrice) (D:4)
  10 worker ants
  A killer bee zombie (D:7)
  2 hound skeletons
  A worker ant zombie (D:6)
  8 gnolls
  A howler monkey skeleton (D:6)
  6 adders
  2 shadow imps
  A worm (D:5)
  4 dart slugs
  5 leopard geckos
  41 orcs
  2 ball pythons
  7 giant cockroaches
  7 goblins
  5 hobgoblins
  4 jackals
  22 kobolds
  8 quokkas
  16 bats
  4 frilled lizards
  2 gnoll zombies (D:6)
  A leopard gecko skeleton (D:6)
  5 rats
323 creatures vanquished.

Notes
Turn   | Place    | Note
-------+----------+-------------------------------------------
     0 | D:1      | Hal the Octopode Assassin began the quest for the Orb.
     0 | D:1      | Reached XP level 1. HP: 14/14 MP: 1/1
   176 | D:1      | Reached XP level 2. HP: 19/19 MP: 2/2
   470 | D:1      | Reached XP level 3. HP: 24/24 MP: 3/3
  1056 | D:2      | Reached XP level 4. HP: 26/29 MP: 4/4
  1869 | D:3      | Found a sparkling altar of Nemelex Xobeh.
  1870 | D:3      | Found an opulent altar of Gozag.
  1891 | D:3      | Became a worshipper of Gozag Ym Sagoz the Greedy
  1934 | D:3      | Reached XP level 5. HP: 34/34 MP: 5/5
  2659 | D:4      | Noticed a sky beast
  3160 | D:3      | Reached XP level 6. HP: 39/41 MP: 6/6
  3190 | D:4      | Noticed Ijyb
  3203 | D:4      | Killed Ijyb
  3244 | D:4      | Noticed Natasha
  3251 | D:4      | Killed Natasha
  3434 | D:4      | Noticed Natasha
  3439 | D:4      | Killed Natasha
  3444 | D:4      | Noticed Natasha
  3581 | D:4      | Noticed Eustachio
  3589 | D:4      | Killed Eustachio
  3589 | D:4      | Reached skill level 1 in Shields
  3589 | D:4      | Reached XP level 7. HP: 46/46 MP: 7/7
  3612 | D:4      | Found a large runed translucent door.
  3612 | D:4      | Found a large runed translucent door.
  3675 | D:4      | Noticed Edmund
  3691 | D:4      | Killed Edmund
  3691 | D:4      | Reached skill level 2 in Shields
  3745 | D:4      | Noticed bmj180's ghost (amateur DEFE)
  3944 | D:4      | Killed Natasha
  3974 | D:5      | Entered Level 5 of the Dungeon
  4020 | D:5      | Found a staircase to the Ecumenical Temple.
  4074 | D:5      | Found a stormy altar of Qazlal.
  4127 | D:5      | Found Zugygor's Antique Armour Emporium.
  4285 | D:5      | Reached skill level 3 in Shields
  4369 | D:5      | Reached XP level 8. HP: 41/54 MP: 5/8
  4410 | D:5      | Noticed Duvessa
  4552 | D:5      | Noticed Dowan
  4554 | D:5      | Killed Duvessa
  4570 | D:5      | Killed Dowan
  4694 | D:5      | Found a runed translucent gate.
  4694 | D:5      | Found a runed translucent gate.
  4694 | D:5      | Found a runed translucent gate.
  4776 | D:5      | Noticed MirrMurr's ghost (novice SpEn)
  5016 | D:5      | Reached skill level 5 in Short Blades
  5081 | D:6      | Reached skill level 4 in Shields
  5482 | D:6      | Reached skill level 5 in Dodging
  5514 | D:6      | Reached skill level 5 in Fighting
  5514 | D:6      | Reached XP level 9. HP: 57/61 MP: 9/9
  5522 | D:6      | Reached skill level 5 in Shields
  5618 | D:6      | Found an ancient bone altar of Kikubaaqudgha.
  5843 | D:6      | Found a shattered altar of Ashenzari.
  5843 | D:6      | Found a bloodstained altar of Trog.
  6061 | D:6      | Found a basalt altar of Yredelemnul.
  6156 | D:7      | Reached skill level 6 in Shields
  6172 | D:7      | Found a shattered altar of Ashenzari.
  6217 | D:7      | Reached skill level 1 in Evocations
  6619 | D:7      | You fall through a shaft for 3 floors!
  6619 | D:10     | Entered Level 10 of the Dungeon
  6728 | D:9      | Noticed a death yak
  6729 | D:9      | Found a staircase to the Lair.
  6798 | D:9      | Found a bloodstained altar of Trog.
  6872 | D:9      | Reached skill level 7 in Shields
  6892 | D:9      | Reached XP level 10. HP: 34/66 MP: 11/11
  7514 | D:8      | Reached skill level 8 in Shields
  7766 | D:8      | Reached skill level 10 in Stealth
  7948 | D:7      | Found a runed translucent door.
  7949 | D:7      | Noticed Crazy Yiuf
  8199 | D:8      | Found a glowing golden altar of the Shining One.
  8229 | D:8      | Found the +3 pair of gauntlets of War {Slay+5}
  8409 | D:8      | Noticed an eight-headed hydra
  8411 | D:8      | Killed an eight-headed hydra
  8411 | D:8      | Reached skill level 9 in Shields
  8421 | D:8      | Reached XP level 11. HP: 56/72 MP: 12/12
  8687 | D:9      | Noticed a death yak
  8778 | D:9      | Noticed a death yak
  8895 | D:10     | You fall through a shaft for 2 floors!
  8895 | D:12     | Found the +7 great mace "Firestarter" {inner flame, rF++}
  8896 | D:12     | Noticed a fire dragon
  8984 | D:12     | Noticed a two-headed ogre
  8997 | D:12     | Killed a two-headed ogre
  9108 | D:11     | Reached skill level 10 in Shields
  9208 | D:11     | Found a staircase to the Orcish Mines.
  9723 | D:9      | Learned a level 2 spell: Call Imp
  9728 | D:9      | Learned a level 4 spell: Summon Lightning Spire
  9943 | D:9      | Identified a scroll of acquirement
  9944 | D:9      | Got a translucent shield
  9955 | D:9      | Identified the +3 shield "Ganoudgh" {-Tele Slay+5 Stlth+}
                  | (You acquired it on level 9 of the Dungeon)
 10029 | D:10     | Found Ofelamit's Magic Scroll Emporium.
 10121 | D:10     | Bought a scroll of identify for 30 gold pieces
 10121 | D:10     | Bought a scroll of identify for 30 gold pieces
 10123 | D:10     | Bought 2 scrolls of identify for 60 gold pieces
 10166 | D:10     | Found Bipet's Gadget Shop.
 10279 | D:11     | Noticed a two-headed ogre
 10557 | D:11     | Killed a two-headed ogre
 10557 | D:11     | Reached skill level 1 in Spellcasting
 10557 | D:11     | Reached skill level 1 in Summonings
 10557 | D:11     | Reached skill level 1 in Air Magic
 11417 | D:12     | Reached XP level 12. HP: 80/80 MP: 15/15
 11881 | D:12     | Reached skill level 11 in Shields
 12118 | D:10     | Bought 3 scrolls of acquirement for 2340 gold pieces
 12119 | D:10     | Got an encrusted large shield
 12130 | D:10     | Identified the -6 large shield of Blue Skies {rPois rF-
                  | MR+} (You acquired it on level 10 of the Dungeon)
 12131 | D:10     | Got an encrusted hat
 12142 | D:10     | Identified the +2 hat of Brilliance {Regen+} (You acquired
                  | it on level 10 of the Dungeon)
 12143 | D:10     | Got a translucent hat
 12154 | D:10     | Identified the +1 hat of Hiab Tiu {rC+ rCorr} (You acquired
                  | it on level 10 of the Dungeon)
 12174 | D:10     | Learned a level 2 spell: Poisonous Vapours
 12413 | D:12     | Learned a level 3 spell: Conjure Flame
 12642 | D:13     | Noticed a two-headed ogre
 12642 | D:13     | Noticed a death knight
 12642 | D:13     | Noticed a six-headed hydra
 12643 | D:13     | Noticed a storm dragon
 12646 | D:13     | HP: 3/81 [wyvern (7)]
 12647 | D:13     | Slain by a hippogriff

Skill      XL: |  1  2  3  4  5  6  7  8  9 10 11 12 |
---------------+-------------------------------------+-----
Stealth        | 6 7 8 9 10 | 10.6
Short Blades   | 3 4 5 6 7 8 |  8.6
Dodging        | 2 3 5 6 7 8 |  8.1
Fighting       | 3 5 6 7 |  7.0
Shields        | 1 3 4 7 9 10 11 | 11.1
Evocations     | 1 2 |  2.5
Spellcasting   | 2 |  2.5
Summonings     | 2 3 |  3.2
Air Magic      | 2 |  2.5
Throwing       | |  2.6

Action                   |  1- 3 |  4- 6 |  7- 9 | 10-12 || total
-------------------------+-------+-------+-------+-------++-------
Melee: Dagger            |    61 |    94 |   310 |   524 ||   989
       Tentacles         |     6 |    16 |    62 |   114 ||   198
       Constrict         |    10 |    23 |    54 |    61 ||   148
 Fire: Blowgun           |       |    12 |       |     1 ||    13
Throw: Tomahawk          |       |       |       |    13 ||    13
Invok: Potion Petition   |       |     1 |       |       ||     1
Evoke: Wand              |       |       |     9 |    15 ||    24
       Lamp of fire      |       |       |       |     1 ||     1
  Use: Scroll            |       |     8 |     4 |    24 ||    36
       Potion            |       |       |       |     4 ||     4
 Stab: Sleeping          |    21 |    16 |    20 |    33 ||    90
       Distracted        |       |     1 |     3 |     3 ||     7
       Paralysed         |       |       |       |     1 ||     1
  Eat: Chunk             |       |     4 |       |       ||     4
       Ration            |       |     2 |     4 |     6 ||    12
Armor: Skin              |     3 |     6 |    11 |    21 ||    41
Dodge: Dodged            |    36 |    44 |    78 |   216 ||   374
Block: Shield            |       |     1 |    91 |   190 ||   282
